 Dungeon Crawl Stone Soup version 0.26.0-16-gc1dbca0489 (webtiles) character file.

Game seed: 18094806839148825603

7399 zcampers the Fighter (level 10, -7/94 HPs)
             Began as a Minotaur Berserker on Jan 22, 2021.
             Was a High Priest of Trog.
             Mangled by a two-headed ogre
             ... wielding a +0 giant club
              (14 damage)
             ... on level 10 of the Dungeon.
             The game lasted 00:14:56 (10745 turns).

zcampers the Fighter (Minotaur Berserker)          Turns: 10745, Time: 00:14:56

Health: -7/94      AC: 11    Str: 23    XL:     10   Next: 92%
Magic:  9/9        EV: 15    Int:  9    God:    Trog [*****.]
Gold:   410        SH:  4    Dex:  9    Spells: 9/9 levels left

rFire    + . .     SeeInvis +   n - +0 war axe
rCold    . . .     Faith    +   m - +0 buckler
rNeg     . . .     Spirit   .   d - +1 ring mail
rPois    .         Reflect  .   (helmet restricted)
rElec    .         Harm     .   (no cloak)
rCorr    .         Rampage  .   i - +0 pair of gloves
Will     .....                  (no boots)
Stlth    ..........             b - amulet of faith
HPRegen  0.25/turn              u - ring "Doos" {+Blink rF+ SInv}
MPRegen  0.11/turn              (no ring)

@: lethally poisoned (-7 -> -11), berserk cooldown, slowed, very slow
A: retaliatory headbutt, horns 2, yellow scales 1, clever 1
a: Renounce Religion, Evoke Blink, Berserk, Trog's Hand, Brothers in Arms


You were on level 10 of the Dungeon.
You worshipped Trog.
Trog was extremely pleased with you.
You visited 1 branch of the dungeon, and saw 10 of its levels.
You also visited: Sewer.

You collected 410 gold pieces.

Inventory:

Hand Weapons
 n - a +0 war axe (weapon)
 v - a +0 flail of protection
Missiles
 g - 62 poisoned darts (quivered)
Armour
 d - a +1 ring mail (worn)
 i - a +0 pair of gloves (worn)
 m - a +0 buckler (worn)
Jewellery
 b - an amulet of faith (around neck)
 u - the ring "Doos" (left hand) {+Blink rF+ SInv}
   (You found it on level 8 of the Dungeon)

   [ring of protection from fire]

   It protects you from fire.
   It lets you see invisible.
   It lets you blink.
Wands
 e - a wand of random effects (18)
 s - a wand of paralysis (11)
 t - a wand of iceblast (8)
Scrolls
 f - 10 scrolls of teleportation
 h - 3 scrolls of identify
 k - 3 scrolls of enchant armour
 l - 4 scrolls of fog
 o - 4 scrolls of remove curse
 q - a scroll of blinking
Potions
 a - 6 potions of heal wounds
 c - 5 potions of curing
 j - a potion of brilliance
 p - 4 potions of flight
 r - a potion of might


   Skills:
 + Level 10.5 Fighting
 + Level 10.4 Axes
 + Level 10.1 Armour
 + Level 9.3 Dodging
 - Level 4.0 Shields


You had 9 spell levels left.
You didn't know any spells.
Your spell library was empty.

Dungeon Overview and Level Annotations

Branches:
Dungeon (10/15)            Temple (0/1) D:6            Lair (0/6) D:9
  Sewer (visited)
    Orc: D:9-12

Altars:
Ashenzari
Elyvilon
Fedhas
Gozag
Makhleb
Qazlal
Ru
Uskayaw
Wu Jian

Shops:
D:4 [

Annotations:
D:10 Sonja


Innate Abilities, Weirdness & Mutations

You reflexively headbutt those who attack you in melee.
You have a pair of horns on your head.
You are partially covered in yellow scales. (AC +2)
Your mind is acute. (Int +2)


Message History

The two-headed ogre hits you with a +0 giant club.
You block the two-headed ogre's attack.
You barely miss the two-headed ogre.
The two-headed ogre is heavily wounded.
Your skin stops crawling.
You feel less strong-willed.
You feel sick.
The two-headed ogre hits you but does no damage.
The two-headed ogre hits you with a +0 giant club.
You slash the two-headed ogre!
The two-headed ogre is heavily wounded.
You feel sick.
The two-headed ogre hits you with a +0 giant club!!
* * * LOW HITPOINT WARNING * * *
The two-headed ogre completely misses you.
You slash the two-headed ogre!
The two-headed ogre is severely wounded.
You feel sick. The two-headed ogre misses you. You furiously retaliate!
You headbutt the two-headed ogre.
The two-headed ogre hits you with a +0 giant club!
You die...

..# ........#(#.###
#(### ....##?#.#.#
....# ... #.#.#.#
###.# #.# #.#.#.#
#.####.###.#.#.# #
#...รทรท.!.....#.#
########.###.###.###.#
....####.........O...#
##............##@#####
<...###..>.......#
###.# #.####..#### #.#
#.# #..# #.# #.# #...#
#.# #.# .# #.###.#
#..##.# ##.##.#


You could see a two-headed ogre.

Vanquished Creatures
  2 two-headed ogres
  An ugly thing (D:9)
  Joseph (D:10)
  A gargoyle (D:10)
  A wyvern (D:9)
  A wraith (D:10)
  6 yaks (D:10)
  A steam dragon (D:9)
  A water moccasin (D:7)
  An ice beast (D:10)
  2 orc warriors
  5 sky beasts
  A hornet zombie (D:10)
  A necrophage (D:10)
  5 ogres
  3 centaurs
  2 phantoms
  4 big kobolds
  2 bullfrogs
  A scorpion (D:9)
  2 howler monkeys
  2 centaur zombies
  2 bullfrog zombies
  2 jellies
  3 hounds
  7 orc priests
  A bullfrog skeleton (D:7)
  4 iguanas
  14 orc wizards
  9 worker ants
  3 hound skeletons
  2 worker ant zombies
  A howler monkey zombie (D:10)
  7 adders
  A gnoll (D:1)
  2 river rats (Sewer)
  2 shadow imps (D:6)
  3 white imps
  2 ufetubi (D:9)
  6 oozes
  An adder zombie (D:5)
  2 adder skeletons
  4 worms
  5 dart slugs
  5 leopard geckos
  30 orcs
  7 ball pythons
  11 giant cockroaches
  8 goblins
  3 hobgoblins
  10 jackals
  3 quokkas
  5 bats
  A frilled lizard (D:1)
  18 kobolds
  A leopard gecko skeleton (D:6)
  2 leopard gecko zombies
  8 rats
241 creatures vanquished.

Notes
Turn   | Place    | Note
-------+----------+-------------------------------------------
     0 | D:1      | zcampers the Minotaur Berserker began the quest for the
                  | Orb.
     0 | D:1      | Reached XP level 1. HP: 19/19 MP: 0/0
    86 | D:1      | Reached XP level 2. HP: 13/27 MP: 1/1
   563 | D:1      | Reached XP level 3. HP: 32/33 MP: 2/2
   563 | D:1      | Reached ** piety under Trog
  1243 | D:2      | Reached XP level 4. HP: 35/41 MP: 3/3
  1791 | D:2      | Found a burning altar of Makhleb.
  2203 | D:4      | Reached XP level 5. HP: 31/47 MP: 4/4
  2326 | D:4      | Noticed an ogre
  2330 | D:4      | Killed an ogre
  2331 | D:4      | Reached skill level 5 in Fighting
  2331 | D:4      | Reached skill level 5 in Axes
  2351 | D:4      | Found a stormy altar of Qazlal.
  2437 | D:4      | Found Dohe's Antique Armour Emporium.
  2846 | D:4      | Reached *** piety under Trog
  2936 | D:4      | Noticed an ogre
  2943 | D:4      | Killed an ogre
  2944 | D:4      | Reached XP level 6. HP: 29/56 MP: 5/5
  3299 | D:5      | Entered Level 5 of the Dungeon
  3783 | D:5      | Reached XP level 7. HP: 47/62 MP: 6/6
  3916 | D:5      | Reached skill level 5 in Armour
  4448 | D:6      | Found a glowing drain.
  4488 | Sewer    | Entered a sewer
  4604 | Sewer    | Reached skill level 5 in Dodging
  5030 | Sewer    | Reached **** piety under Trog
  5109 | D:6      | Reached XP level 8. HP: 71/71 MP: 7/7
  5135 | D:6      | Found an opulent altar of Gozag.
  5136 | D:6      | Found a staircase to the Ecumenical Temple.
  5418 | D:6      | Found a sacrificial altar of Ru.
  5649 | D:6      | Found Keczoc's Assorted Antiques.
  6403 | D:7      | Reached XP level 9. HP: 31/81 MP: 8/8
  6732 | D:7      | Reached skill level 1 in Shields
  7440 | D:8      | Found an ornate altar of the Wu Jian Council.
  7576 | D:8      | Found a blossoming altar of Fedhas.
  7576 | D:8      | Found a white marble altar of Elyvilon.
  7702 | D:8      | Got a coiled ivory ring
  7711 | D:8      | Identified the ring "Doos" {+Blink rF+ SInv} (You found it
                  | on level 8 of the Dungeon)
  7715 | D:8      | Gained mutation: Your mind is acute. (Int +2) [potion of
                  | mutation]
  7715 | D:8      | Gained mutation: You are partially covered in yellow
                  | scales. (AC +2) [potion of mutation]
  8082 | D:8      | Found a broken altar of Ashenzari.
  8086 | D:8      | Saw a vision of the Swamp and the Snake Pit.
  8086 | D:8      | Noticed a naga warrior
  8086 | D:8      | Noticed a black mamba
  8086 | D:8      | Noticed a black mamba
  8086 | D:8      | Noticed a salamander mystic
  8086 | D:8      | Noticed an anaconda
  8086 | D:8      | Noticed a black mamba
  8086 | D:8      | Noticed a naga warrior
  8086 | D:8      | Noticed a black mamba
  8086 | D:8      | Noticed an anaconda
  8086 | D:8      | Noticed a naga mage
  8086 | D:8      | Noticed a goliath frog
  8086 | D:8      | Noticed an alligator
  8449 | D:9      | Noticed a white ugly thing
  8461 | D:9      | Killed a white ugly thing
  8494 | D:8      | Reached ***** piety under Trog
  8954 | D:9      | Found a hide-covered altar of Uskayaw.
  9214 | D:9      | Found a staircase to the Lair.
  9243 | D:9      | Noticed a two-headed ogre
  9248 | D:9      | Killed a two-headed ogre
  9249 | D:9      | Reached XP level 10. HP: 83/91 MP: 9/9
  9787 | D:10     | Entered Level 10 of the Dungeon
  9861 | D:10     | Noticed Joseph
  9873 | D:10     | Killed Joseph
 10043 | D:10     | Noticed a two-headed ogre
 10050 | D:10     | Killed a two-headed ogre
 10051 | D:10     | Reached skill level 10 in Fighting
 10114 | D:10     | Noticed a gargoyle
 10120 | D:10     | Killed a gargoyle
 10121 | D:10     | Reached skill level 10 in Axes
 10361 | D:10     | Reached skill level 10 in Armour
 10716 | D:10     | Noticed Sonja
 10737 | D:10     | Noticed a two-headed ogre
 10745 | D:10     | Mangled by a two-headed ogre

Illustrated notes

Levels and vault maps discovered:
D:1:      psy_arrival_whirlpool, layout_basic
D:2:      layout_rooms, makhleb_blood_cavern_becter, supply_closet_lemuel
D:3:      minmay_chambers_of_twos, layout_loops_cross, old_standard_altar,
          chequers_ecumenical_altar_simple, trog_three_pillars_becter
D:4:      layout_loops_corners, serial_shops, shop, grunt_qazlal_clouds
D:5:      layout_basic
D:6:      layout_loops_cross, grunt_gozag_statues,
          nicolae_ru_great_annihilating_truth, temple_fountains, serial_shops,
          shop, gup_sewer_entry_glass, nrook_pool_corridor
D:7:      layout_layer_cave, hangedman_decor_push, minivault_19
D:8:      layout_gridville, pdpol_wu_jian_five_deadly_venoms,
          gammafunk_temple_overflow_elements, minmay_misc_feat_nine_boxes,
          grunt_ashenzari_visionary [grunt_ashenzari_visionary_swamp,
          grunt_ashenzari_visionary_snake]
D:9:      layout_loops_cross, eat_drink_and_be_merry_uskayaw, lair_entry_dummy
D:10:     layout_loops_ring, uniq_sonja, uniq_joseph

Skill      XL: |  1  2  3  4  5  6  7  8  9 10 |
---------------+-------------------------------+-----
Fighting       | 4 5 6 8 9 10 | 10.5
Axes           | 4 5 6 8 9 10 | 10.4
Armour         | 3 4 5 7 8 10 | 10.1
Dodging        | 3 4 5 6 8 9 |  9.3
Shields        | 4 |  4.0

Action                   |  1- 3 |  4- 6 |  7- 9 | 10-12 || total
-------------------------+-------+-------+-------+-------++-------
Melee: Hand axe          |    76 |   108 |       |       ||   184
       Headbutt          |    17 |    15 |    65 |    32 ||   129
       War axe           |       |    10 |   363 |   141 ||   514
Throw: Dart              |       |     6 |     2 |       ||     8
Invok: Berserk           |     1 |     1 |     3 |     3 ||     8
       Trog's Hand       |       |     1 |     2 |     1 ||     4
Evoke: Wand              |       |       |     1 |       ||     1
  Use: Scroll            |       |     4 |     6 |     1 ||    11
       Potion            |       |     5 |     6 |     1 ||    12
 Stab: Paralysed         |       |       |     3 |       ||     3
Armor: Animal skin       |    17 |     9 |       |       ||    26
       Skin              |       |    45 |       |       ||    45
       Ring mail         |       |    17 |   131 |    30 ||   178
Dodge: Dodged            |    86 |    60 |   228 |    95 ||   469
Block: Buckler           |       |    21 |    55 |    24 ||   100
